 Dungeon Crawl Stone Soup version 0.30-a0-373-gd37427b (webtiles) character file.

Game seed: 12722387886813014013

155 Dorkslayer the Chopper (level 5, -2/47 HPs)
             Began as a Hill Orc Fighter on Nov 24, 2022.
             Slain by Grinder (5 damage)
             ... while paralysed by Grinder
             ... on level 3 of the Dungeon.
             The game lasted 00:03:57 (2025 turns).

Dorkslayer the Chopper (Hill Orc Fighter)           Turns: 2025, Time: 00:03:58

Health: -2/47      AC:  8    Str: 21    XL:     5   Next: 37%
Magic:  5/5        EV:  2    Int:  8    God:
Gold:   152        SH:  0    Dex: 10    Spells: 4/4 levels left

rFire   . . .      SeeInvis .    a - +0 war axe
rCold   . . .      Faith    .    c - +0 buckler
rNeg    . . .      Spirit   .    b - +0 scale mail
rPois   .          Reflect  .    f - +0 helmet
rElec   .          Harm     .    (no cloak)
rCorr   .          Rampage  .    (no gloves)
Will    .....                    (no boots)
Stlth   ..........               (no amulet)
HPRegen 0.27/turn                l - ring of flight
MPRegen 0.09/turn                (no ring)

@: paralysed, mighty, flying
A: no striking features
a: no special abilities


You were on level 3 of the Dungeon.
You visited 1 branch of the dungeon, and saw 3 of its levels.

You collected 152 gold pieces.

Inventory:

Hand Weapons
 a - a +0 war axe (weapon)
Armour
 b - a +0 scale mail (worn)
 c - a +0 buckler (worn)
 f - a +0 helmet (worn)
Jewellery
 l - a ring of flight (left hand)
Scrolls
 e - 3 scrolls of immolation
 g - a scroll of magic mapping {unknown}
 k - a scroll of summoning {unknown}
Potions
 d - 4 potions of might
 i - a potion of invisibility
 j - a potion of flight


   Skills:
 + Level 4.4 Fighting
 + Level 4.5 Axes
 + Level 3.8 Armour
 * Level 1.7 Dodging
 + Level 0.2 Stealth
 + Level 3.7 Shields


You had 4 spell levels left.
You didn't know any spells.
Your spell library contained the following spells:

 Spells                   Type           Power      Damage    Failure   Level
 Hailstorm                Conj/Ice       0%         3d3       99%         3
 Ice Form                 Ice/Tmut       0%         N/A       100%        4
 Simulacrum               Ice/Necr       0%         N/A       100%        6


Dungeon Overview and Level Annotations

Branches:
Dungeon (3/15)

Altars:

Annotations:
D:3 Grinder


Message History

You feel better. Grinder hits you.
* * * LOW HITPOINT WARNING * * *
You feel very mighty all of a sudden.
Grinder blinks!
You feel better.
You barely miss Grinder.
Grinder is moderately wounded.
Grinder gestures at you. Pain shoots through your body!
You barely miss Grinder.
Grinder is moderately wounded.
You block Grinder's attack.
You closely miss Grinder.
Grinder is moderately wounded.
Grinder hits you but does no damage. Grinder barely misses you.
You barely miss Grinder.
Grinder is moderately wounded.
Grinder gestures at you. You resist with significant effort.
You closely miss Grinder.
Grinder is moderately wounded.
Grinder hits you but does no damage.
You closely miss Grinder.
Grinder is moderately wounded.
Grinder hits you but does no damage. Grinder hits you.
You writhe in agony.
* * * LOW HITPOINT WARNING * * *
You slash Grinder!
Grinder is heavily wounded.
Grinder barely misses you.
You hit Grinder.
Grinder is severely wounded.
Grinder gestures at you.
You suddenly lose the ability to move!
Grinder hits you!
* * * LOW HITPOINT WARNING * * *
Grinder hits you but does no damage. Grinder hits you.
* * * LOW HITPOINT WARNING * * *
You writhe in agony.
You die...

# .o
#..######
......####
.......#
####)..#
#.5@..##
#.##...#
.#.#.###.#.#
........†#.#
..#####..#.##
#.#...##
#..<...#
#<#....#
#.##.#.#


You could see Grinder.

Vanquished Creatures
  An orc priest (D:3)
  Jessica (D:2)
  Robin (D:2)
  3 adders (D:2)
  A worm (D:2)
  A dart slug (D:1)
  7 ball pythons
  3 endoplasms (D:1)
  2 giant cockroaches (D:1)
  9 goblins
  7 hobgoblins
  4 quokkas (D:1)
  4 bats
  4 frilled lizards (D:1)
  A kobold (D:2)
  7 rats
56 creatures vanquished.

Notes
Turn   | Place    | Note
-------+----------+-------------------------------------------
     0 | D:1      | Dorkslayer the Hill Orc Fighter began the quest for the
                  | Orb.
     0 | D:1      | Reached XP level 1. HP: 19/19 MP: 1/1
   170 | D:1      | Reached XP level 2. HP: 27/27 MP: 2/2
   486 | D:1      | Reached XP level 3. HP: 33/33 MP: 3/3
  1247 | D:2      | Reached skill level 1 in Dodging
  1414 | D:2      | Noticed Robin
  1415 | D:2      | Reached XP level 4. HP: 40/40 MP: 4/4
  1459 | D:2      | Killed Robin
  1580 | D:2      | Found a faded altar of an unknown god.
  1815 | D:2      | Noticed Jessica
  1825 | D:2      | Killed Jessica
  1826 | D:2      | Reached XP level 5. HP: 41/46 MP: 5/5
  2007 | D:3      | Noticed Grinder
  2022 | D:3      | Paralysed by Grinder for 5 turns
  2025 | D:3      | Slain by Grinder

Illustrated notes

Levels and vault maps discovered:
D:1:      wander_arrival_chamber, layout_basic
D:2:      layout_loops_corners, chequers_ecumenical_altar_simple, uniq_robin,
          uniq_jessica
D:3:      layout_loops_ring, uniq_grinder

Skill      XL: |  1  2  3  4 |
---------------+-------------+-----
Fighting       | 4 |  4.4
Axes           | 3 4 |  4.5
Dodging        | 1 |  1.7
Armour         | |  3.8
Stealth        | |  0.2
Shields        | |  3.7

Action                   |  1- 3 |  4- 6 || total
-------------------------+-------+-------++-------
Melee: War axe           |   102 |    80 ||   182
  Use: Scroll            |     4 |     2 ||     6
       Potion            |       |     5 ||     5
 Stab: Distracted        |       |     1 ||     1
Armor: Scale mail        |    58 |    31 ||    89
Dodge: Dodged            |    48 |    57 ||   105
Block: Buckler           |    22 |    18 ||    40

Table legend: (Time is in decaauts)
 A = Elapsed time spent in this place.
 B = Non-inter-level travel time spent in this place.
 C = Inter-level travel time spent in this place.
 D = Time resting spent in this place.
 E = Time spent auto-exploring this place.
 F = Levels seen in this place.
 G = Mean time per level.
                   A        B        C        D        E       F      G
               +--------+--------+--------+--------+--------+-----+--------+
         Total |   2091 |   2091 |      0 |      0 |   1314 |   3 |  697.0 |
       Dungeon |   2091 |   2091 |      0 |      0 |   1314 |   3 |  697.0 |
               +--------+--------+--------+--------+--------+-----+--------+

Top non-repeatable levels by time:
     D:2: 1069 daAuts
     D:1: 975 daAuts
     D:3: 46 daAuts
